 Dungeon Crawl Stone Soup version 0.28.0-53-g5a82cb258f (webtiles) character file.

Game seed: 10509264703374096092

4388 H0rd4k the Cutter (level 10, -2/76 (79) HPs)
             Began as a Human Artificer on June 28, 2022.
             Was an Initiate of Gozag.
             Slain by an orc warrior
             ... wielding a +0 glaive
              (12 damage)
             ... on level 8 of the Dungeon.
             The game lasted 00:11:10 (13086 turns).

H0rd4k the Cutter (Human Artificer)                Turns: 13086, Time: 00:11:11

HP:   -2/76 (79)    AC:  5    Str: 13    XL:     10   Next: 61%
MP:   13/13         EV: 15    Int: 18    God:    Gozag
Gold: 1018          SH:  0    Dex: 17    Spells: 13/13 levels left

rFire   . . .      SeeInvis .   E - +9 mace of Puiticoe {venom, Dex+3 Stlth+}
rCold   . . .      Faith    .   (no shield)
rNeg    . . .      Spirit   .   b - +0 leather armour
rPois   .          Reflect  .   x - +0 helmet {Int+3}
rElec   .          Harm     .   (no cloak)
rCorr   .          Rampage  .   g - +0 pair of gloves
Will    .....                   (no boots)
Stlth   +++.......              (no amulet)
HPRegen 0.22/turn               (no ring)
MPRegen 0.13/turn               (no ring)

@: lightly drained
A: no striking features
a: Renounce Religion, Potion Petition, Call Merchant, Bribe Branch


You were on level 8 of the Dungeon.
You worshipped Gozag.
Gozag was most pleased with you.
You visited 2 branches of the dungeon, and saw 9 of its levels.

You collected 1078 gold pieces.
You paid 60 gold pieces to Gozag.

Inventory:

Hand Weapons
 a - a +0 club
 h - a +0 short sword of venom
 p - a +3 short sword of speed
 B - a +4 rapier
 E - the +9 mace of Puiticoe (weapon) {venom, Dex+3 Stlth+}
   (You found it on level 7 of the Dungeon)

   It poisons the flesh of those it strikes.
   Dex:       It affects your dexterity (+3).
   Stlth:     It makes you more stealthy.
Missiles
 k - 7 poisoned darts
Armour
 b - a +0 leather armour (worn)
 g - a +0 pair of gloves (worn)
 q - a +0 helmet
 x - a +0 helmet of intelligence (worn)
Jewellery
 t - the ring "Jusinoud" {rElec rF- rC+ AC+4 Stlth+}
   (You took it off an orc on level 3 of the Dungeon)

   [ring of protection]

   AC:        It affects your AC (+4).
   rF:        It makes you vulnerable to fire.
   rC:        It protects you from cold.
   rElec:     It insulates you from electricity.
   Stlth:     It makes you more stealthy.
 J - a +4 ring of protection
 K - a ring of flight
Wands
 c - a wand of flame (12) (quivered)
 z - a wand of digging (3)
 D - a wand of iceblast (13)
 H - a wand of acid (21)
Scrolls
 f - a scroll of acquirement {unknown}
 i - 13 scrolls of identify {unknown}
 l - 2 scrolls of teleportation {unknown}
 m - 2 scrolls of fear {unknown}
 o - a scroll of magic mapping {unknown}
 s - a scroll of summoning {unknown}
 y - a scroll of fog {unknown}
 C - a scroll of brand weapon {unknown}
 G - 2 scrolls of enchant armour {unknown}
Potions
 j - a potion of magic
 n - a potion of mutation {unknown}
 r - a potion of invisibility {unknown}
 u - 2 potions of cancellation {unknown}
 v - 4 potions of curing
 w - a potion of haste {unknown}
 A - a potion of lignification {unknown}
 F - a potion of brilliance {unknown}
 I - a potion of might {unknown}
Miscellaneous
 e - a piece from Xom's chessboard (15/15)


   Skills:
 + Level 7.3 Fighting
 + Level 7.4 Short Blades
 + Level 6.2 Maces & Flails
 - Level 2.0 Armour
 + Level 6.5 Dodging
 - Level 1.0 Stealth
 * Level 2.0 Spellcasting
 + Level 5.2 Evocations


You had 13 spell levels left.
You didn't know any spells.
Your spell library contained the following spells:

 Spells                   Type           Power      Damage    Failure   Level
 Sandblast                Erth           2%         2d4       22%         1
 Passwall                 Tmut/Erth      0%         N/A       34%         2
 Sublimation of Blood     Necr           1%         N/A       34%         2
 Stone Arrow              Conj/Erth      2%         3d7       56%         3
 Petrify                  Tmut/Erth      1%         N/A       92%         4
 Irradiate                Conj/Tmut      0%         3d13      99%         5


Dungeon Overview and Level Annotations

Branches:
Dungeon (8/15)             Temple (1/1) D:4
   Lair: D:8-11

Altars:
Dithmenos
Elyvilon
Gozag
Ru
Trog
Uskayaw
Vehumet

Annotations:
D:7 exclusion: upstairs
D:8 exclusion: zombie


Message History

The orc priest hits you with a +0 dagger.
You sock the orc priest!
You kill the orc priest!
You hit the gnoll.
The gnoll is poisoned.
The gnoll is lightly wounded.
The gnoll hits you with a +0 flail.
* * * LOW HITPOINT WARNING * * *
Aiming: Charm
Press: ? - help, Shift-Dir - straight line, f - gnoll
Aim: a gnoll, wielding a +0 flail and wearing a +0 robe (moderately wounded, very poisoned, chance to affect: 71%)
The gnoll is charmed.
The wight barely misses your gnoll.
Unknown command.
What are your orders? t - Shout!
Orders for allies: a - Attack new target. p - Attack previous target. r - Retreat! s - Stop attacking. g - Guard the area. f - Follow me.
Anything else - Cancel.
Guard this area!
The orc warrior hits you from afar with a +0 glaive!
* * * LOW HITPOINT WARNING * * *
Your gnoll closely misses the orc warrior.
The wight closely misses your gnoll.
The orc warrior barely misses your gnoll.
Your gnoll barely misses the orc warrior.
The wight hits your gnoll with a +0 scimitar.
Your gnoll dies!
Aiming: Charm
Press: ? - help, Shift-Dir - straight line, f - orc warrior
Aim: an orc warrior, wielding a +0 glaive and wearing a +0 chain mail (chance to affect: 62%)
The orc warrior resists with significant effort.
Unknown command.
Aiming: Charm
Press: ? - help, Shift-Dir - straight line, f/p - orc warrior
Aim: an orc warrior, wielding a +0 glaive and wearing a +0 chain mail (chance to affect: 62%)
The orc warrior resists with significant effort.
The now-empty wand crumbles to dust.
The orc warrior hits you from afar with a +0 glaive!
You die...
Your body crumbles into a pile of gold.

#............#.##...........
#..............##...........
#############.##............
##..##...........# ###
#..###..........##
#.#########z## ##........##
##.#.......o.## #.......##
#............# ##....###
#.........@..## ##.### ###
#.............# ### ###..
#............## ##....
##.........### ##.....
####...#### ##...... #...#
#....... ##.## ####.... ###
#####


You could see an orc warrior and a wight.

Vanquished Creatures
  A troll (D:8)
  Grinder (D:3)
  Sigmund (D:3)
  A steam dragon (D:8)
  Menkaure (D:7)
  A warg (D:8)
  An orc warrior (D:8)
  2 black bears (D:7)
  Pargi (D:3)
  6 ogres
  A centaur (D:5)
  2 kobold brigands (D:8)
  3 bullfrogs
  A wyvern zombie (D:7)
  2 gnoll sergeants (D:8)
  A scorpion (D:6)
  A water moccasin zombie (D:6)
  3 killer bees (D:8)
  3 wights (D:8)
  8 howler monkeys
  2 centaur zombies
  A bullfrog zombie (D:6)
  6 hounds
  A jelly (D:6)
  A gnoll shaman (D:8)
  3 orc priests
  A scorpion zombie (D:5)
  5 orc wizards
  Robin (D:2)
  9 gnolls
  A howler monkey skeleton (D:6)
  3 adders
  2 ufetubi (D:5)
  2 dart slugs (D:3)
  25 orcs
  5 endoplasms
  6 giant cockroaches (D:1)
  7 hobgoblins
  10 kobolds
  5 quokkas
  2 ball pythons
  2 bats
  2 frilled lizards
  11 goblins
  7 rats
161 creatures vanquished.

Vanquished Creatures (collateral kills)
  2 orc wizards (D:7)
  An adder (D:6)
  3 orcs
  3 goblins (D:2)
  A hobgoblin (D:2)
10 creatures vanquished.

Vanquished Creatures (others)
  A black bear (D:7)
  A gnoll (D:8)
  A goblin (D:2)
  2 fungi (D:2)
  5 plants
10 creatures vanquished.

Grand Total: 181 creatures vanquished

Notes
Turn   | Place    | Note
-------+----------+-------------------------------------------
     0 | D:1      | H0rd4k the Human Artificer began the quest for the Orb.
     0 | D:1      | Reached XP level 1. HP: 15/15 MP: 1/1
   545 | D:1      | Reached XP level 2. HP: 14/21 MP: 2/2
   892 | D:1      | Reached XP level 3. HP: 26/26 MP: 3/3
  1492 | D:2      | Found a faded altar of an unknown god.
  1536 | D:2      | HP: 1/26 [adder (3)]
  2269 | D:2      | Reached XP level 4. HP: 32/32 MP: 4/4
  2280 | D:2      | Noticed Robin
  2309 | D:2      | Reached skill level 1 in Short Blades
  2515 | D:2      | Killed Robin
  3062 | D:3      | Reached XP level 5. HP: 29/38 MP: 5/5
  3421 | D:3      | Noticed Pargi
  3433 | D:3      | Killed Pargi
  3434 | D:3      | Reached XP level 6. HP: 45/45 MP: 6/6
  3596 | D:3      | Noticed Sigmund
  3606 | D:3      | Killed Sigmund
  3607 | D:3      | Reached XP level 7. HP: 21/51 MP: 7/7
  3814 | D:3      | Noticed Grinder
  3825 | D:3      | Paralysed by Grinder for 3 turns
  3837 | D:3      | Killed Grinder
  4060 | D:3      | Found a bloodstained altar of Trog.
  4080 | D:3      | Found a shadowy altar of Dithmenos.
  4284 | D:3      | Identified the ring "Jusinoud" {rElec rF- rC+ AC+4 Stlth+}
  5106 | D:4      | Found a staircase to the Ecumenical Temple.
  5116 | Temple   | Entered the Ecumenical Temple
  5184 | Temple   | Became a worshipper of Gozag Ym Sagoz the Greedy
  5742 | D:5      | Entered Level 5 of the Dungeon
  5781 | D:5      | Reached XP level 8. HP: 18/60 MP: 8/8
  6086 | D:5      | Reached skill level 5 in Short Blades
  8044 | D:6      | Found a sacrificial altar of Ru.
  8980 | D:7      | Noticed Menkaure
  8982 | D:7      | Identified the +9 mace of Puiticoe {venom, Dex+3 Stlth+}
  8994 | D:7      | Killed Menkaure
  8995 | D:7      | Reached skill level 5 in Fighting
  8995 | D:7      | Reached XP level 9. HP: 55/68 MP: 9/9
  9135 | D:7      | Reached skill level 5 in Dodging
  9243 | D:7      | Reached skill level 1 in Maces & Flails
  9587 | D:7      | Found a hide-covered altar of Uskayaw.
  9645 | D:7      | Reached skill level 5 in Evocations
 11346 | D:8      | Noticed a troll
 11388 | D:8      | Killed a troll
 11389 | D:8      | Reached XP level 10. HP: 15/77 MP: 10/10
 11876 | D:8      | Reached skill level 5 in Maces & Flails
 12301 | D:8      | Reached skill level 1 in Spellcasting
 13086 | D:8      | Slain by an orc warrior

Illustrated notes

Levels and vault maps discovered:
D:1:      eino_arrival_cavern_a, layout_rooms
D:2:      layout_loops_cross, shapermc_ecumenical_altar_mp_urbaneastern,
          uniq_robin
D:3:      layout_basic, mainiacjoe_overflow_swirl, serial_curves,
          eino_curves_01, eino_curves_02, moated_statue, minmay_strange_pillars,
          uniq_pargi, uniq_sigmund, uniq_grinder
D:4:      layout_basic, temple_pool_b
D:5:      layout_basic, minmay_strange_pillars
D:6:      layout_cave_pools, mainiacjoe_overflow_boulevard,
          kennysheep_generic_room_3
D:7:      layout_basic, mainiacjoe_overflow_alcove_2, uniq_menkaure
D:8:      lemuel_castle_with_subvaults [lemuel_castle_interior_original],
          layout_cave_pods
Temple:   minmay_crystal_spiral_temple

Skill      XL: |  1  2  3  4  5  6  7  8  9 10 |
---------------+-------------------------------+-----
Evocations     | 4 5 |  5.2
Short Blades   | 1 2 3 4 6 7 |  7.4
Dodging        | 2 3 4 5 6 |  6.5
Fighting       | 2 3 5 6 7 |  7.3
Maces & Flails | 4 6 |  6.2
Spellcasting   | 2 |  2.0
Armour         | |  2.0
Stealth        | |  1.0

Action                   |  1- 3 |  4- 6 |  7- 9 | 10-12 || total
-------------------------+-------+-------+-------+-------++-------
Melee: Club              |    24 |       |       |       ||    24
       Short sword       |   115 |    85 |   194 |       ||   394
       Punch             |     2 |     2 |     2 |     1 ||     7
       Rapier            |       |       |    54 |       ||    54
       Mace              |       |       |    93 |   109 ||   202
Evoke: Wand              |       |    10 |    12 |     8 ||    30
  Use: Potion            |       |       |     6 |       ||     6
 Stab: Distracted        |     1 |       |       |       ||     1
       Sleeping          |       |       |     3 |       ||     3
Armor: Leather armour    |    44 |    23 |    98 |    24 ||   189
Dodge: Dodged            |    97 |    50 |   219 |    69 ||   435
